AoeStats
← SlowBoy

Arabia

504271333Analyzed
1v1 RM · 28d ago on Sep 4, 2026· 45m 30s· 2 players
Game mode
Random Map
Map size
Tiny (2 player)
Population
200
Speed
Normal
Resources
Standard
Victory
Conquest
Starting age
Dark Age
Ending age
Imperial Age
RankedLock teamsTeams togetherTeam positionsShared explorationLock speedFull tech treeHidden civsTurbo modeCheats
Victory
Defeat
🇧🇷 Wei · Brazil
1697
+11
🇨🇴 Mongols · Colombia
1582
-11
SlowBoy
6:23 Loom
9:24 Feudal Age
10:12 Double-Bit Axe
11:23 Horse Collar
15:43 Wheelbarrow
15:58 Fletching
21:24 Castle Age
19:45 Gold Mining
19:55 Padded Archer Armor
21:17 Bloodlines
22:10 Bodkin Arrow
22:19 Husbandry
22:38 Bow Saw
23:23 Leather Archer Armor
24:44 Scale Barding Armor
26:56 Heavy Plow
27:08 Forging
28:57 Thumb Ring
29:23 Town Watch
29:45 Stone Mining
32:37 Ballistics
35:17 Gold Shaft Mining
38:07 Hand Cart
41:34 Imperial Age
39:27 Light Cavalry
40:54 Chain Barding Armor
41:10 Iron Casting
40:59 Tuntian
42:46 Conscription
42:27 Bracer
43:29 Chemistry
42:40 Masonry
43:02 Crop Rotation
43:16 Parthian Tactics
44:00 Blast Furnace
44:00 Murder Holes
43:47 Elite Tiger Cavalry
45:40 Ring Archer Armor
46:31 Ming Guang Armor
ephemeral
6:34 Loom
8:38 Feudal Age
9:37 Double-Bit Axe
12:04 Horse Collar
14:07 Wheelbarrow
18:58 Castle Age
18:08 Padded Archer Armor
18:15 Scale Barding Armor
19:50 Bow Saw
19:52 Heavy Plow
21:12 Fletching
22:17 Elite Skirmisher
23:31 Bloodlines
23:49 Hand Cart
24:18 Bodkin Arrow
25:37 Leather Archer Armor
28:01 Chain Barding Armor
31:53 Husbandry
33:19 Ballistics
33:39 Town Watch
34:18 Gold Mining
40:44 Imperial Age
39:04 Stone Mining
40:53 Cavalier
42:24 Bracer
42:35 Forging
43:24 Conscription
42:56 Light Cavalry
44:54 Iron Casting
Connection lost

Rejoining the realm…

Still unreachable

The connection could not be restored.

Session expired

The server has moved on; the page needs a fresh start.